 Dungeon Crawl Stone Soup version 0.30-a0-728-gc68057be0a (webtiles) character file.

Game seed: 14554166618612224294

245 lilitu the Trooper (level 5, 0/47 HPs)
             Began as a Minotaur Fighter on Jan 31, 2023.
             Constricted to death by Ijyb (4 damage)
             ... on level 3 of the Dungeon.
             The game lasted 00:03:37 (2294 turns).

lilitu the Trooper (Minotaur Fighter)               Turns: 2294, Time: 00:03:38

Health: 0/47       AC: 12    Str: 23    XL:     5   Next: 84%
Magic:  4/4        EV:  3    Int:  5    God:
Gold:   146        SH:  4    Dex:  9    Spells: 4/4 levels left

rFire   . . .      SeeInvis .    k - +0 whip
rCold   . . .      Faith    .    c - +0 buckler
rNeg    . . .      Spirit   .    l - +0 plate armour
rPois   .          Reflect  .    (helmet restricted)
rElec   .          Harm     .    (no cloak)
rCorr   .          Rampage  .    (no gloves)
Will    .....                    (no boots) Stlth
                                 (no amulet)
HPRegen 0.27/turn                (no ring)
MPRegen 0.09/turn                (no ring)

@: grasped by roots, constricted
A: horns 2, retaliatory headbutt
a: no special abilities


You were on level 3 of the Dungeon.
You visited 1 branch of the dungeon, and saw 3 of its levels.

You collected 146 gold pieces.

Inventory:

Hand Weapons
 a - a +0 flail
 k - a +0 whip (weapon)
Missiles
 g - 7 poisoned darts (quivered)
 i - 27 stones
 v - 2 silver boomerangs
Armour
 b - a +0 scale mail
 c - a +0 buckler (worn)
 l - a +0 plate armour (worn)
Jewellery
 f - a ring of positive energy
 h - an amulet of faith
 w - a +4 ring of protection
Scrolls
 e - a scroll of poison {unknown}
 n - 2 scrolls of identify {unknown}
 o - a scroll of noise {unknown}
 q - a scroll of magic mapping {unknown}
 r - a scroll of fear {unknown}
 t - 3 scrolls of teleportation {unknown}
 u - a scroll of vulnerability {unknown}
Potions
 d - a potion of might
 j - a potion of lignification {unknown}
 m - a potion of heal wounds {unknown}
 p - a potion of degeneration {unknown}
 s - a potion of haste {unknown}


   Skills:
 + Level 4.8 Fighting
 + Level 3.9 Maces & Flails
 + Level 2.3 Throwing
 + Level 4.7 Armour
 + Level 4.7 Shields


You had 4 spell levels left.
You didn't know any spells.
Your spell library contained the following spells:

 Spells                   Type           Power      Damage    Failure   Level
 Sting                    Tmut/Pois      0%         1d3       100%        1
 Cigotuvi's Dreadful Rot  Necr/Pois/Air  0%         N/A       100%        2
 Ensorcelled Hibernation  Hex/Ice        0%         N/A       100%        2
 Poisonous Vapours        Pois/Air       0%         N/A       100%        2
 Spider Form              Tmut/Pois      0%         N/A       100%        3
 Anguish                  Hex/Necr       0%         N/A       100%        4
 Dispel Undead            Necr           0%         3d6       100%        4
 Olgreb's Toxic Radiance  Pois           0%         N/A       100%        4
 Death Channel            Necr           0%         N/A       100%        6


Dungeon Overview and Level Annotations

Branches:
Dungeon (3/15)

Altars:

Shops:
D:1 *

Annotations:
D:3 Ijyb, Jessica


Innate Abilities, Weirdness & Mutations

You have a pair of horns on your head.
You reflexively headbutt those who attack you in melee.


Message History

The bat hits you but does no damage. Ijyb hits you with a +0 dagger.
The grasping roots constrict you.
The grasping roots release their grip on you.
You hit Ijyb but do no damage. You headbutt Ijyb, but do no damage.
Ijyb is heavily wounded.
The bat hits you but does no damage. You block Ijyb's attack.
You block the goblin's attack.
You closely miss Ijyb.
Ijyb is heavily wounded.
The bat hits you but does no damage. Ijyb hits you but does no damage.
The goblin barely misses you. You furiously retaliate!
You headbutt the goblin.
You kill the goblin!
You hit Ijyb but do no damage.
Ijyb is heavily wounded.
You block the bat's attack. Ijyb hits you but does no damage.
You hit Ijyb but do no damage. Your headbutt misses Ijyb.
Ijyb is heavily wounded.
The bat barely misses you.
Ijyb zaps a wand.
The roots erupt in riotous growth!
The grasping roots grab you!
The bat is unaffected.
Ijyb is unaffected.
The grasping roots constrict you!
* * * LOW HITPOINT WARNING * * *
Jessica gestures at you while chanting.
You barely resist.
A worm comes into view.
You hit Ijyb.
Ijyb is severely wounded.
The bat barely misses you. Ijyb hits you with a +0 dagger.
* * * LOW HITPOINT WARNING * * *
The grasping roots constrict you.
You closely miss Ijyb.
Ijyb is severely wounded.
The bat hits you but does no damage. x2; You block Ijyb's attack.
The grasping roots constrict you.
* * * LOW HITPOINT WARNING * * *
You closely miss Ijyb.
Ijyb is severely wounded.
The bat hits you but does no damage. Jessica hits you with a +0 dagger.
* * * LOW HITPOINT WARNING * * *
Ijyb hits you but does no damage. The grasping roots constrict you.
You die...

...... ...... ..?..
..... ....#.... .
...#... .. ..#.. $..
#+####'#w##.)..
.......).).....
.......@@# .......bg#
.........# .........#
.........######## #
................. #
..........##############
.............>......#...
...........########.# ##


You could see Ijyb, a worm, Jessica and a bat.

Vanquished Creatures
  Sigmund (D:2)
  3 adders
  3 worms (D:2)
  4 dart slugs
  5 ball pythons
  4 bats
  3 endoplasms
  7 goblins
  4 hobgoblins
  4 jackals (D:3)
  A quokka (D:2)
  A frilled lizard (D:2)
  5 kobolds
  3 rats
48 creatures vanquished.

Notes
Turn   | Place    | Note
-------+----------+-------------------------------------------
     0 | D:1      | lilitu the Minotaur Fighter began the quest for the Orb.
     0 | D:1      | Reached XP level 1. HP: 19/19 MP: 0/0
    64 | D:1      | Found Ceasiroru's General Store.
   247 | D:1      | Reached XP level 2. HP: 27/27 MP: 1/1
   798 | D:2      | Found a faded altar of an unknown god.
   902 | D:2      | Noticed Sigmund
   924 | D:2      | Killed Sigmund
   925 | D:2      | Reached XP level 3. HP: 14/34 MP: 2/2
   925 | D:2      | Reached XP level 4. HP: 17/41 MP: 3/3
   925 | D:2      | Reached XP level 5. HP: 20/47 MP: 4/4
  2260 | D:3      | Noticed Ijyb
  2286 | D:3      | Noticed Jessica
  2294 | D:3      | Constricted to death by Ijyb

Illustrated notes

Levels and vault maps discovered:
D:1:      wander_arrival_peaceful_grave, layout_basic, serial_shops,
          nicolae_shop_advertising_works [nicolae_subvault_shop_adworks],
          minivault_23
D:2:      layout_loops_cross, nicolae_ecumenical_oubliette,
          uniq_crazy_yiuf_cottage, uniq_sigmund
D:3:      layout_basic, uniq_jessica, uniq_ijyb

Skill      XL: |  1  2 |
---------------+-------+-----
Fighting       | 4 |  4.8
Maces & Flails | 3 |  3.9
Throwing       | 2 |  2.3
Armour         | 4 |  4.7
Shields        | 4 |  4.7

Action                     |  1- 3 |  4- 6 || total
---------------------------+-------+-------++-------
  Melee: Flail             |    19 |       ||    19
         Headbutt          |    10 |    17 ||    27
         Whip              |    33 |   120 ||   153
 Armour: Scale mail        |    14 |       ||    14
         Plate armour      |     7 |    78 ||    85
  Dodge: Dodged            |    12 |    34 ||    46
  Block: Buckler           |     6 |    27 ||    33

Table legend: (Time is in decaauts)
 A = Elapsed time spent in this place.
 B = Non-inter-level travel time spent in this place.
 C = Inter-level travel time spent in this place.
 D = Time resting spent in this place.
 E = Time spent auto-exploring this place.
 F = Levels seen in this place.
 G = Mean time per level.
                   A        B        C        D        E       F      G
               +--------+--------+--------+--------+--------+-----+--------+
         Total |   2291 |   2248 |     43 |      0 |   1687 |   3 |  763.7 |
       Dungeon |   2291 |   2248 |     43 |      0 |   1687 |   3 |  763.7 |
               +--------+--------+--------+--------+--------+-----+--------+

Top non-repeatable levels by time:
     D:2: 927 daAuts
     D:1: 871 daAuts
     D:3: 493 daAuts
